 Dungeon Crawl Stone Soup version 0.29.1-1-gd02db6906a (webtiles) character file.

Game seed: 6524051904432428394

30 fireball365 the Digger (level 2, -2/20 HPs)
             Began as a Demigod Earth Elementalist on Oct 4, 2022.
             Slain by a worm (4 damage)
             ... on level 2 of the Dungeon.
             The game lasted 00:05:30 (832 turns).

fireball365 the Digger (Demigod Earth Elementalist)  Turns: 832, Time: 00:05:31

Health: -2/20      AC:  2    Str:  9    XL:     2   Next: 87%
Magic:  7/7        EV: 12    Int: 17    God:
Gold:   14         SH:  0    Dex: 14    Spells: 4/5 levels left

rFire   . . .      SeeInvis .   i - +0 flail
rCold   . . .      Faith    .   h - orb {*channel}
rNeg    . . .      Spirit   .   a - +0 robe
rPois   .          Reflect  .   (no helmet)
rElec   .          Harm     .   (no cloak)
rCorr   .          Rampage  .   (no gloves)
Will    .....                   (no boots)
Stlth   ++........              (no amulet)
HPRegen 0.06/turn               (no ring)
MPRegen 0.10/turn               (no ring)

@: no status effects
A: high MP 1, forlorn, divine attributes
a: no special abilities


You were on level 2 of the Dungeon.
You visited 1 branch of the dungeon, and saw 2 of its levels.

You collected 14 gold pieces.

Inventory:

Hand Weapons
 c - a +0 club
 f - a +0 club
 g - a +0 dagger
 i - a +0 flail (weapon)
 m - a +0 whip
 s - a +0 dagger
 t - a +0 dagger
Missiles
 e - 4 poisoned darts
 k - 10 stones
Armour
 a - a +0 robe (worn)
 h - an orb of energy (worn)
Jewellery
 l - a ring of poison resistance
Scrolls
 n - a scroll of poison {unknown}
 p - a scroll of brand weapon {unknown}
 q - 3 scrolls of identify {unknown}
 r - a scroll of enchant armour {unknown}
Potions
 b - a potion of magic
 d - a potion of flight
 j - a potion of curing {unknown}
 o - a potion of brilliance {unknown}


   Skills:
 + Level 1.9 Dodging
 + Level 2.0 Stealth
 + Level 2.2 Spellcasting
 + Level 0.8 Transmutations
 + Level 3.2 Earth Magic


You had 4 spell levels left.
You knew the following spells:

 Your Spells              Type           Power      Damage    Failure   Level
a - Sandblast             Erth           26%        2d8       4%          1

Your spell library contained the following spells:

 Spells                   Type           Power      Damage    Failure   Level
 Passwall                 Tmut/Erth      6%         N/A       12%         2
 Stone Arrow              Conj/Erth      14%        3d7       28%         3
 Petrify                  Tmut/Erth      8%         N/A       63%         4


Dungeon Overview and Level Annotations

Branches:
Dungeon (2/15)


Innate Abilities, Weirdness & Mutations

You have an increased reservoir of magic. (+10% MP)
You shall have no god before yourself.
Your divine heritage dramatically boosts your attributes as you level up.


Message History

The blast of sand hits the endoplasm.
The endoplasm is severely wounded.
The endoplasm quivers.
A giant cockroach comes into view.
The blast of sand hits the endoplasm!
You kill the endoplasm!
The blast of sand hits the hobgoblin!
You kill the hobgoblin!
The blast of sand hits the giant cockroach.
You kill the giant cockroach!
A kobold comes into view. It is wielding a +0 dagger.
The kobold shouts!
The blast of sand hits the kobold.
You kill the kobold!
You see here a +0 dagger.
t - a +0 dagger
There is a stone staircase leading down here.
Really walk into that dispersal trap?
Okay, then.
Really walk into that dispersal trap?
You enter a dispersal trap!
You blink.
Really walk into that dispersal trap?
You enter a dispersal trap!
You blink.
There is an escape hatch in the floor here.
You slide downwards.
The hatch slams shut behind you.
A worm comes into view.
The worm barely misses you.
You barely miss the worm. You sock the worm!
The worm is heavily wounded.
The worm bites you!
Ouch! That really hurt!
You hit the worm.
The worm is severely wounded.
The worm bites you!
* * * LOW HITPOINT WARNING * * *
You hit the worm.
The worm is almost dead.
The worm bites you.
You die...

# ##.############
#..w@.........#
#############.###
#..........#
#.########## #.#
#.# #.# #.# #.#


You could see a worm.

Vanquished Creatures
  3 endoplasms (D:1)
  A giant cockroach (D:1)
  2 goblins (D:1)
  4 hobgoblins (D:1)
  4 kobolds (D:1)
  A quokka (D:1)
  5 ball pythons (D:1)
  3 bats (D:1)
  A frilled lizard (D:1)
  3 rats (D:1)
27 creatures vanquished.

Notes
Turn   | Place    | Note
-------+----------+-------------------------------------------
     0 | D:1      | fireball365 the Demigod Earth Elementalist began the quest
                  | for the Orb.
     0 | D:1      | Reached XP level 1. HP: 14/14 MP: 5/5
   107 | D:1      | Reached skill level 3 in Earth Magic
   120 | D:1      | Reached XP level 2. HP: 20/20 MP: 0/7
   832 | D:2      | Slain by a worm

Illustrated notes

Levels and vault maps discovered:
D:1:      scummos_arrival_hexagon, layout_basic
D:2:      layout_basic

Skill      XL: |  1 |
---------------+----+-----
Stealth        | 2 |  2.0
Spellcasting   | 2 |  2.2
Earth Magic    | 3 |  3.2
Dodging        | |  1.9
Transmutations | |  0.8

Action                   || total
-------------------------++-------
Melee: Flail             ||     5
 Cast: Sandblast         ||    32
  Use: Potion            ||     1
Armor: Robe              ||     4
Dodge: Dodged            ||     6
